[Event "December 12 Late 2023"]
[Site "https://www.chess.com"]
[Date "2023.12.12"]
[Round "7"]
[White "Korchmar, Vasiliy"]
[Black "Janaszak, Dawid"]
[Result "0-1"]
[Board "36"]
[TimeControl "180+1"]
[WhiteFideId "24131750"]
[BlackFideId "1119206"]
[WhiteElo "2761"]
[BlackElo "2592"]
[WhiteTeam "RUS"]
[BlackTeam "POL"]
[WhiteClock "0:00:02"]
[BlackClock "0:00:15"]

1. e4 c6 2. d4 d5 3. exd5 cxd5 4. c3 Nc6 5. Bd3 Nf6 6. Bf4 Bg4 7. Qb3 Qc8 8. Nd2 e6 9. Ngf3 Be7 10. O-O Bh5 11. Rae1 Nd7 12. c4 dxc4 13. Bxc4 Bxf3 14. Qxf3 Nxd4 15. Qg4 Nf5 16. Rxe6 fxe6 17. Bxe6 g6 18. Nc4 Qc6 19. Re1 Nf6 20. Qe2 Nd4 21. Bf7+ Kxf7 22. Qxe7+ Kg8 23. Bh6 Nf5 24. Qe5 Nxh6 25. Nd6 Rf8 26. Qe6+ Kg7 27. g4 Re8 28. Nxe8+ Rxe8 0-1

[Event "December 12 Late 2023"]
[Site "https://www.chess.com"]
[Date "2023.12.12"]
[Round "7"]
[White "Przybylski, Wojciech"]
[Black "Adewumi, Tanitoluwa"]
[Result "0-1"]
[Board "37"]
[TimeControl "180+1"]
[WhiteFideId "1117599"]
[BlackFideId "30966396"]
[WhiteElo "2584"]
[BlackElo "2749"]
[WhiteTeam "POL"]
[BlackTeam "USA"]
[WhiteClock "0:00:10"]
[BlackClock "0:00:12"]

1. e4 c5 2. Nf3 e6 3. b3 Nf6 4. e5 Nd5 5. Nc3 Ne7 6. Bb2 Nbc6 7. g3 Nf5 8. Ne4 d5 9. exd6 Bxd6 10. Nxd6+ Qxd6 11. Bg2 O-O 12. O-O e5 13. Re1 f6 14. d3 Be6 15. Nd2 Rac8 16. Ne4 Qe7 17. c3 Rfd8 18. Qe2 Qf8 19. Rad1 b6 20. h3 Kh8 21. Kh2 Qf7 22. Bf3 Rd7 23. Nd2 Nce7 24. Nc4 Rcd8 25. Ne3 Nxe3 26. Qxe3 Qg6 27. d4 cxd4 28. cxd4 Nf5 29. Qc1 Nxd4 30. Bg2 h6 31. Kh1 Qh5 32. h4 Bg4 33. Rd2 Qf5 34. Bxd4 Rxd4 35. Rxd4 Rxd4 36. Qc3 Qxf2 37. Rf1 Qe2 38. Re1 Qd2 39. Qxd2 Rxd2 40. a4 Rd1 41. Rxd1 Bxd1 42. Bd5 Kh7 43. Kg2 Kg6 44. Kf2 f5 45. Ke1 Bc2 46. Kd2 Be4 47. Bc4 Kf6 48. Ke3 Bc6 49. Bd3 g5 50. hxg5+ Kxg5 51. Bc2 h5 52. b4 f4+ 53. gxf4+ exf4+ 54. Kf2 h4 55. a5 h3 56. Kg1 f3 57. Bd3 f2+ 58. Kh2 Bg2 59. axb6 axb6 60. b5 f1=Q 61. Bxf1 Bxf1 62. Kg3 Bxb5 63. Kh2 Bd3 64. Kxh3 Kf4 65. Kg2 Ke3 66. Kg3 b5 67. Kg4 b4 68. Kg5 b3 69. Kf6 b2 70. Ke6 b1=Q 71. Kd6 Qb6+ 72. Kd5 Be4+ 73. Ke5 Qc5+ 74. Ke6 Qd5+ 75. Kf6 Kf4 76. Kg7 Qe6 77. Kh8 Qh6+ 78. Kg8 Bd5# 0-1

[Event "December 12 Late 2023"]
[Site "https://www.chess.com"]
[Date "2023.12.12"]
[Round "7"]
[White "Dragomirescu, Robin-Alexandru"]
[Black "Rastbod, Ali"]
[Result "1-0"]
[Board "38"]
[TimeControl "180+1"]
[WhiteFideId "1213849"]
[BlackFideId "12567477"]
[WhiteElo "2579"]
[BlackElo "2743"]
[WhiteTeam "ROU"]
[BlackTeam "IRI"]
[WhiteClock "0:00:12"]
[BlackClock "0:00:15"]

1. b3 f5 2. Bb2 Nf6 3. c4 g6 4. Bxf6 exf6 5. g3 d5 6. cxd5 Qxd5 7. Nf3 Bg7 8. Nc3 Qd6 9. Bg2 O-O 10. d4 c5 11. dxc5 Qxc5 12. Qd5+ Qxd5 13. Nxd5 Nc6 14. O-O Rd8 15. Rfd1 Kf8 16. Rac1 Rb8 17. Nd4 Nxd4 18. Rxd4 Be6 19. Nc7 Bf7 20. Rxd8+ Rxd8 21. Bxb7 Rd2 22. Nb5 Be8 23. Rc8 Ke7 24. Rc7+ Kf8 25. a4 a5 26. Bc6 Bf7 27. Ra7 Bxb3 28. Ra8+ Kf7 29. Ra7+ Kf8 30. Rxa5 Rxe2 31. Ra8+ Kf7 32. Ra7+ Kf8 33. a5 Bc4 34. Ra8+ Ke7 35. Re8+ Kf7 36. Rxe2 Bxe2 37. a6 Bxb5 38. Bxb5 Bf8 39. a7 1-0

[Event "December 12 Late 2023"]
[Site "https://www.chess.com"]
[Date "2023.12.12"]
[Round "7"]
[White "Bolourchifard, Farzad"]
[Black "Roberson, Peter T"]
[Result "1-0"]
[Board "39"]
[TimeControl "180+1"]
[WhiteFideId "12510084"]
[BlackFideId "412384"]
[WhiteElo "2735"]
[BlackElo "2560"]
[WhiteTeam "IRI"]
[BlackTeam "ENG"]
[WhiteClock "0:00:12"]
[BlackClock "0:00:00"]

1. d4 Nf6 2. Nf3 c5 3. d5 e6 4. Nc3 exd5 5. Nxd5 Nxd5 6. Qxd5 d6 7. Bg5 Qc7 8. e3 Be6 9. Bb5+ Nc6 10. Qd2 h6 11. Bf4 Be7 12. O-O O-O 13. Rfd1 Rad8 14. Be2 Qb6 15. a4 Ne5 16. a5 Qc6 17. a6 bxa6 18. Qc3 Nxf3+ 19. Bxf3 d5 20. Qa5 Bf6 21. c3 Qb5 22. Qxb5 axb5 23. Rxa7 g5 24. Bc7 Ra8 25. Bb6 c4 26. Bxd5 Bxd5 27. Rxd5 Rxa7 28. Bxa7 Ra8 29. Rd7 b4 30. cxb4 Bxb2 31. Rc7 c3 32. b5 c2 33. b6 c1=Q+ 34. Rxc1 Bxc1 35. b7 Re8 36. b8=Q Rxb8 37. Bxb8 Kg7 38. Kf1 Kg6 39. g4 Ba3 40. h3 h5 41. Kg2 hxg4 42. hxg4 f5 43. Kf3 Bc5 44. Bc7 Ba7 45. Bd8 Bc5 46. gxf5+ Kxf5 47. e4+ Kg6 48. Kg3 Bb6 49. Bxb6 1-0

[Event "December 12 Late 2023"]
[Site "https://www.chess.com"]
[Date "2023.12.12"]
[Round "7"]
[White "Osmak, Yuliia"]
[Black "Pakleza, Zbigniew"]
[Result "0-1"]
[Board "40"]
[TimeControl "180+1"]
[WhiteFideId "14101602"]
[BlackFideId "1119290"]
[WhiteElo "2546"]
[BlackElo "2715"]
[WhiteTeam "UKR"]
[BlackTeam "POL"]
[WhiteClock "0:00:00"]
[BlackClock "0:00:57"]

1. e4 d6 2. d4 Nf6 3. Nc3 c6 4. f4 Qb6 5. Nf3 Bg4 6. Be2 Bxf3 7. Bxf3 e5 8. fxe5 dxe5 9. dxe5 Nfd7 10. e6 fxe6 11. Qe2 Ne5 12. Bf4 Qxb2 13. Bh5+ Ng6 14. Qc4 Qxa1+ 15. Kf2 Bc5+ 16. Qxc5 Qxh1 17. Bxg6+ hxg6 18. Qd6 Nd7 19. Qxe6+ Kd8 20. Qd6 Rf8 21. Qc7+ Ke8 0-1

[Event "December 12 Late 2023"]
[Site "https://www.chess.com"]
[Date "2023.12.12"]
[Round "7"]
[White "Korchynskyi, Mykola"]
[Black "Aldokhin, Ivan"]
[Result "1-0"]
[Board "41"]
[TimeControl "180+1"]
[WhiteFideId "34138005"]
[BlackFideId "24115720"]
[WhiteElo "2541"]
[BlackElo "2704"]
[WhiteTeam "UKR"]
[BlackTeam "RUS"]
[WhiteClock "0:00:10"]
[BlackClock "0:00:00"]

1. d4 Nf6 2. c4 g6 3. Nc3 Bg7 4. e4 O-O 5. Be2 d6 6. Be3 Nc6 7. g4 e5 8. d5 Nd4 9. g5 Nxe2 10. Ngxe2 Nh5 11. Qd2 f5 12. exf5 Bxf5 13. O-O-O a6 14. Ng3 Nxg3 15. hxg3 b5 16. Rh4 Rf7 17. Rdh1 Bf8 18. g4 b4 19. gxf5 bxc3 20. bxc3 Rxf5 21. Rxh7 Bg7 22. f4 Qe7 23. fxe5 dxe5 24. Qh2 Raf8 25. Bc5 Rf1+ 26. Kc2 Rxh1 27. Bxe7 Rxh2+ 28. Rxh2 Rf3 29. Re2 Kf7 30. Bc5 Rg3 31. Be3 e4 32. Bd4 Bxd4 33. cxd4 Rxg5 34. Rxe4 Rg3 35. c5 Rg5 36. Re5 Rg4 37. Kc3 Rg3+ 38. Kc4 Rg1 39. d6 cxd6 40. cxd6 Rc1+ 41. Kd5 Rc8 42. d7 Rd8 43. Kd6 Kf6 44. Kc7 1-0

[Event "December 12 Late 2023"]
[Site "https://www.chess.com"]
[Date "2023.12.12"]
[Round "7"]
[White "Dyachuk, Artem"]
[Black "yaguigor"]
[Result "0-1"]
[Board "42"]
[TimeControl "180+1"]
[WhiteFideId "34107924"]
[WhiteElo "2704"]
[BlackElo "2494"]
[WhiteTeam "UKR"]
[WhiteClock "0:00:10"]
[BlackClock "0:00:15"]

1. e4 c5 2. Nf3 Nc6 3. Bb5 Nf6 4. Nc3 Qc7 5. O-O Nd4 6. Re1 a6 7. Bf1 e5 8. d3 d6 9. h3 Be7 10. Bg5 Be6 11. Nd2 h6 12. Bxf6 Bxf6 13. Nd5 Qd8 14. c3 Nc6 15. a4 O-O 16. Nc4 Bg5 17. Nce3 Bxe3 18. Nxe3 d5 19. exd5 Bxd5 20. Qg4 Be6 21. Qe2 b5 22. Qf3 Qd7 23. g3 Rac8 24. Kh2 b4 25. Rad1 bxc3 26. bxc3 Rfd8 27. Bg2 Bb3 28. Rd2 c4 29. Nf5 Kh7 30. d4 g6 31. Ne3 exd4 32. Ng4 Qf5 33. Nf6+ Kg7 34. Qxf5 gxf5 35. Nh5+ Kf8 36. Bxc6 Rxc6 37. cxd4 c3 38. Rd3 c2 39. Rc1 Bxa4 40. d5 Rcd6 41. Nf4 Rc8 42. Ra3 Rc4 43. h4 Rd4 44. Rxa4 Rxa4 45. Rxc2 Rxf4 46. gxf4 Rxd5 47. Ra2 a5 48. Kg3 Ke7 49. Kf3 Kd6 50. Ke3 Kc6 51. Rc2+ Kb6 52. Rc8 a4 53. Rb8+ Ka7 54. Rb4 Ra5 55. Rb2 a3 56. Ra2 Kb6 57. Kd4 Kb5 58. Kc3 Ka4 59. Kc4 Ra8 60. f3 Rc8+ 61. Kd5 Kb3 62. Ra1 Kb2 63. Rf1 a2 64. Ke5 a1=Q 65. Rxa1 Kxa1 66. Kxf5 Rc6 67. Ke5 Kb2 68. Kd5 Ra6 69. Ke5 Kc3 70. f5 Kd3 71. Kf4 Ke2 72. Kg4 Ke3 73. f4 Ke4 74. Kh5 Rf6 75. Kg4 Rxf5 76. Kg3 Rxf4 77. h5 Kf5 78. Kh3 Kg5 79. Kh2 Rf6 80. Kg3 Kxh5 81. Kh3 Kg6 82. Kg3 Kg5 83. Kh3 h5 84. Kg3 h4+ 85. Kh3 Rf3+ 86. Kg2 Kg4 87. Kh2 h3 88. Kg1 Kg3 89. Kh1 Rf1# 0-1

[Event "December 12 Late 2023"]
[Site "https://www.chess.com"]
[Date "2023.12.12"]
[Round "7"]
[White "Dubessay, Bastien"]
[Black "Rosen, Eric"]
[Result "0-1"]
[Board "43"]
[TimeControl "180+1"]
[WhiteFideId "650048"]
[BlackFideId "2032562"]
[WhiteElo "2447"]
[BlackElo "2699"]
[WhiteTeam "FRA"]
[BlackTeam "USA"]
[WhiteClock "0:00:19"]
[BlackClock "0:01:36"]

1. d4 d5 2. c4 e6 3. Nc3 Nf6 4. cxd5 exd5 5. Bg5 c6 6. e3 Bd6 7. Bd3 h6 8. Bh4 O-O 9. Qc2 Re8 10. Nf3 Be6 11. O-O Nbd7 12. Rab1 a5 13. a3 Rc8 14. b4 axb4 15. axb4 b5 16. Ne2 Nb6 17. Ne5 Nc4 18. Bxc4 dxc4 19. e4 Be7 20. Rfd1 Qb6 21. f4 Ng4 22. Bxe7 Rxe7 23. Nxg4 Bxg4 24. h3 Bxe2 25. Qxe2 Rd8 26. Qf2 Red7 27. Ra1 Rxd4 28. Rxd4 Qxd4 29. Qxd4 Rxd4 30. Ra6 c3 31. Rxc6 Rc4 0-1

[Event "December 12 Late 2023"]
[Site "https://www.chess.com"]
[Date "2023.12.12"]
[Round "7"]
[White "Indjic, Aleksandar"]
[Black "Ladan, Nicholas"]
[Result "1-0"]
[Board "44"]
[TimeControl "180+1"]
[WhiteFideId "911925"]
[BlackFideId "30918855"]
[WhiteElo "2890"]
[BlackElo "2475"]
[WhiteTeam "SRB"]
[BlackTeam "USA"]
[WhiteClock "0:00:57"]
[BlackClock "0:00:00"]

1. c4 e5 2. Nf3 Nc6 3. d4 exd4 4. Nxd4 Qf6 5. Nb5 Bc5 6. e3 Kd8 7. N1c3 Nge7 8. a3 a6 9. Ne4 Qe5 10. Nxc5 axb5 11. Nd3 Qg5 12. cxb5 Qxb5 13. b4 Qg5 14. h4 Qg6 15. h5 Qg5 16. e4 Qf6 17. Bb2 Qe6 18. Nc5 Qh6 19. b5 Na5 20. Rc1 b6 21. Nd3 Bb7 22. Ne5 Qe6 23. f3 f6 24. Nc4 Kc8 25. Nxa5 Rxa5 26. Qc2 c5 27. bxc6 dxc6 28. Bc4 Qd7 29. Rd1 Qc7 30. Kf2 Kb8 31. Be6 Rd8 32. Rxd8+ Qxd8 33. Rd1 Qe8 34. Qd2 Nc8 35. Qf4+ Ka7 36. Bd7 Qxh5 37. Bxc8 Bxc8 38. Qc7+ Bb7 39. Rd7 Qh4+ 40. Ke2 1-0

[Event "December 12 Late 2023"]
[Site "https://www.chess.com"]
[Date "2023.12.12"]
[Round "7"]
[White "Szpar, Milosz"]
[Black "Kavyev, Ruslan"]
[Result "1-0"]
[Board "45"]
[TimeControl "180+1"]
[WhiteFideId "1184989"]
[BlackFideId "34110981"]
[WhiteElo "2870"]
[BlackElo "2592"]
[WhiteTeam "POL"]
[BlackTeam "RUS"]
[WhiteClock "0:00:09"]
[BlackClock "0:01:04"]

1. e4 d5 2. exd5 Nf6 3. Bb5+ Bd7 4. Be2 Bf5 5. d4 Nxd5 6. Nf3 e6 7. O-O Be7 8. a3 O-O 9. c4 Nf6 10. Nc3 c6 11. Re1 Nbd7 12. Bd3 Bxd3 13. Qxd3 a5 14. b3 Qb6 15. Qc2 Rfd8 16. h3 Nf8 17. Be3 Qc7 18. Rad1 Ng6 19. Qc1 Qb6 20. Qb2 Qa6 21. Ne5 b5 22. Nxg6 hxg6 23. d5 bxc4 24. dxe6 fxe6 25. Bg5 Kf7 26. Qe2 c5 27. Rxd8 Rxd8 28. bxc4 Rd4 29. Nb5 Re4 30. Qf1 Rxe1 31. Qxe1 Qc6 32. Qxa5 Qe4 33. Qc3 Qe2 34. Be3 Nd7 35. a4 Qd1+ 36. Kh2 Qxa4 37. Bf4 Qd1 38. Qe3 Bf6 39. Nd6+ Ke7 40. Nc8+ Kd8 41. Nd6 e5 42. Nf7+ Kc8 43. Nxe5 g5 44. Bg3 Qd4 45. Nxd7 Kxd7 46. Qe2 Kd8 47. Qa2 Ke7 48. Qa7+ Ke6 49. Qb6+ Kf5 50. Qb1+ Ke6 51. Qe1+ Kf7 52. Qe2 Kg6 53. f3 Kf7 54. Qe4 Kf8 55. Bc7 Kf7 56. Qd5+ Qxd5 57. cxd5 c4 58. Bb6 c3 59. Be3 Ke7 60. Bc5+ Kd7 61. Kg3 c2 62. Ba3 Be5+ 63. Kf2 Bf4 64. Ke2 c1=Q 65. Bxc1 Bxc1 66. Kd3 Kd6 67. Ke4 g6 68. g3 Bd2 69. f4 gxf4 70. gxf4 Bc1 71. h4 Bd2 72. f5 gxf5+ 73. Kxf5 Kxd5 74. h5 Kd6 75. Kg6 Bh6 76. Kxh6 Ke7 77. Kg7 Ke8 78. h6 1-0

[Event "December 12 Late 2023"]
[Site "https://www.chess.com"]
[Date "2023.12.12"]
[Round "7"]
[White "Iskusnyh, Sergei"]
[Black "Haydon, David L"]
[Result "1-0"]
[Board "46"]
[TimeControl "180+1"]
[WhiteFideId "4120027"]
[BlackFideId "415405"]
[WhiteElo "2583"]
[BlackElo "2748"]
[WhiteTeam "RUS"]
[BlackTeam "ENG"]
[WhiteClock "0:00:23"]
[BlackClock "0:00:15"]

1. d4 Nf6 2. c4 e6 3. g3 d5 4. Bg2 dxc4 5. Nf3 Nc6 6. O-O Be7 7. Qa4 O-O 8. Qxc4 Rb8 9. Rd1 Nb4 10. a3 b5 11. Qb3 Nc6 12. Nc3 Na5 13. Qc2 Bb7 14. Bf4 Bd6 15. Bg5 a6 16. e4 Be7 17. Ne5 h6 18. Be3 Nd7 19. Nf3 Nc4 20. Bf4 Bd6 21. e5 Be7 22. d5 exd5 23. Nxd5 Bc5 24. b3 Ncb6 25. Nxb6 Bxb6 26. Qf5 Bc8 27. e6 fxe6 28. Qxe6+ Kh7 29. Ng5+ hxg5 30. Be4+ Kh8 31. Qh3+ Kg8 32. Qh7+ Kf7 33. Bd5+ Kf6 34. Re1 Bxf2+ 35. Kxf2 Nc5 36. Be5+ Ke7+ 37. Bf3 Nd3+ 38. Kg1 Nxe1 39. Rxe1 Be6 40. Qxg7+ Rf7 41. Bf6+ Kd7 42. Rd1+ 1-0

[Event "December 12 Late 2023"]
[Site "https://www.chess.com"]
[Date "2023.12.12"]
[Round "7"]
[White "Sai Krishna G V"]
[Black "Hajiyev, Kanan"]
[Result "1-0"]
[Board "47"]
[TimeControl "180+1"]
[WhiteFideId "5028280"]
[BlackFideId "13404148"]
[WhiteElo "2705"]
[BlackElo "2581"]
[WhiteTeam "IND"]
[BlackTeam "AZE"]
[WhiteClock "0:00:48"]
[BlackClock "0:00:51"]

1. d4 d5 2. c4 c6 3. Nf3 Nf6 4. Nc3 a6 5. Bg5 Ne4 6. Bh4 Bf5 7. Qb3 Ra7 8. c5 Nd7 9. e3 b6 10. cxb6 Qxb6 11. Be2 e6 12. O-O Bd6 13. Rfc1 O-O 14. Nxe4 dxe4 15. Nd2 Rb8 16. Qxb6 Rxb6 17. Nc4 Bf8 18. Nxb6 Nxb6 19. Rxc6 Nd5 20. Rac1 h6 21. Rxa6 Rb7 22. b3 g5 23. Bg3 Kg7 24. Rc8 Be7 25. Raa8 Bh7 26. Rcb8 Rd7 27. a4 Nc3 28. Bc4 h5 29. a5 h4 30. Be5+ f6 31. Bxe6 1-0

[Event "December 12 Late 2023"]
[Site "https://www.chess.com"]
[Date "2023.12.12"]
[Round "7"]
[White "Silva Lucena, Cristian"]
[Black "Thomforde-Toates, Noah"]
[Result "1/2-1/2"]
[Board "48"]
[TimeControl "180+1"]
[WhiteFideId "2232588"]
[BlackFideId "30951992"]
[WhiteElo "2549"]
[BlackElo "2688"]
[WhiteTeam "ESP"]
[BlackTeam "USA"]
[WhiteClock "0:00:27"]
[BlackClock "0:00:11"]

1. d4 Nf6 2. c4 g6 3. Nc3 Bg7 4. e4 d6 5. f3 O-O 6. Be3 Nc6 7. Qd2 a6 8. Nge2 Na5 9. Nf4 b5 10. h4 h5 11. Rd1 Nxc4 12. Bxc4 bxc4 13. Qe2 Rb8 14. Rd2 c6 15. e5 Nd7 16. e6 fxe6 17. Nxe6 Qa5 18. Nxf8 Kxf8 19. Bg5 Nf6 20. O-O d5 21. Re1 Rb7 22. Qe3 Bf5 23. Bh6 Bxh6 24. Qxh6+ Kf7 25. Qf4 Qc7 26. Qxc7 Rxc7 27. Na4 a5 28. Nc5 Rc8 29. Re3 Rb8 30. Ra3 Rb5 31. Kf2 Ne8 32. Ke3 e5 33. Na4 exd4+ 34. Kxd4 Nc7 35. Nc3 Ne6+ 36. Ke5 Rc5 37. Na4 Rb5 38. Kd6 d4 39. Kxc6 Rb8 40. Nb6 d3 41. Nxc4 Rc8+ 42. Kb5 Nd4+ 43. Kxa5 Rxc4 44. Rc3 Rxc3 45. bxc3 Nc2 46. Kb6 Ne3 47. Kc5 Ke6 48. a4 Nd5 49. c4 Nc3 50. a5 Kd7 51. g4 hxg4 52. fxg4 Ne4+ 53. Kd4 Nxd2 54. gxf5 gxf5 55. Kxd3 Nb3 56. h5 Ke6 57. h6 Kf6 58. Ke3 Nxa5 59. c5 Kg6 60. Kf4 Nc6 61. h7 Kxh7 62. Kxf5 Kg7 63. Ke6 Nb4 64. Kd6 Kf7 65. Kc7 Na6+ 66. Kb6 Nxc5 1/2-1/2

[Event "December 12 Late 2023"]
[Site "https://www.chess.com"]
[Date "2023.12.12"]
[Round "7"]
[White "Goryachkina, Aleksandra"]
[Black "Grutter, Tim"]
[Result "1/2-1/2"]
[Board "49"]
[TimeControl "180+1"]
[WhiteFideId "4147103"]
[BlackFideId "1057472"]
[WhiteElo "2663"]
[BlackElo "2535"]
[WhiteTeam "FID"]
[BlackTeam "NED"]
[WhiteClock "0:00:12"]
[BlackClock "0:00:10"]

1. e4 c6 2. d4 d5 3. exd5 cxd5 4. c4 Nf6 5. Nf3 g6 6. Nc3 Bg7 7. cxd5 O-O 8. Qb3 Nbd7 9. Bc4 Nb6 10. O-O Bf5 11. Re1 Rc8 12. Bf1 Nfxd5 13. Nxd5 Qxd5 14. Rxe7 Be6 15. Qxd5 Bxd5 16. Re3 Bxf3 17. Rxf3 Bxd4 18. Bh6 Rfe8 19. Rd1 Bxb2 20. Rb3 Bg7 21. Be3 Re6 22. g3 Be5 23. Bh3 f5 24. Bg2 Rc7 25. a4 Rd6 26. Rxd6 Bxd6 27. a5 Nc4 28. Bxa7 Nxa5 29. Bd5+ Kf8 30. Rd3 Bc5 31. Bb8 Rd7 32. Rd1 Nc6 33. Bf4 Nb4 34. Bh6+ Ke8 35. Re1+ Re7 36. Rxe7+ Kxe7 37. Bxb7 Nd3 38. Be3 Bxe3 39. fxe3 Ne5 40. Kg2 Kf6 41. Bd5 Ng4 42. Bg8 Nxe3+ 43. Kf3 Ng4 44. h3 Ne5+ 45. Kg2 h6 46. Bd5 g5 47. Kf2 Ke7 48. Ke3 Kd6 49. Bb7 Ng6 50. Ba8 Ke5 51. Kf2 Ne7 52. Bb7 Nd5 53. Ba8 Nf6 54. Bb7 Ne4+ 55. Kf3 Nd2+ 56. Kf2 Nc4 57. Kf3 Nb2 58. Kf2 Nd3+ 59. Kf3 Nc5 60. Bc6 Ne6 61. Bb7 h5 62. Ba8 Nd4+ 63. Kf2 Ne6 64. Kf3 Nc7 65. Bb7 Nb5 66. Ba8 Nd6 67. Bc6 Kd4 68. Kf2 Ne4+ 69. Kf3 Nd2+ 70. Kf2 Nc4 71. Bb7 Ne5 72. Ba8 Kd3 73. Bb7 Kd2 74. Bc8 f4 75. gxf4 gxf4 76. Bf5 h4 77. Be6 Kc3 78. Bf5 Kd4 79. Bc8 Nd3+ 80. Kf3 Ke5 81. Bb7 Ne1+ 82. Kg4 Ng2 83. Bxg2 Kf6 84. Kxf4 Kg7 85. Kg4 Kh8 86. Kxh4 Kg8 87. Kg4 Kh8 88. h4 Kg8 89. h5 Kh8 90. Kg5 Kg8 91. h6 Kh8 92. Kg6 Kg8 93. Bf3 Kh8 94. Bd5 1/2-1/2

[Event "December 12 Late 2023"]
[Site "https://www.chess.com"]
[Date "2023.12.12"]
[Round "7"]
[White "Tokhirjonova, Gulrukhbegim"]
[Black "Sanchez Enriquez, Oscar Gerardo"]
[Result "0-1"]
[Board "50"]
[TimeControl "180+1"]
[WhiteFideId "14203626"]
[BlackFideId "5106311"]
[WhiteElo "2643"]
[BlackElo "2521"]
[WhiteTeam "USA"]
[BlackTeam "MEX"]
[WhiteClock "0:00:06"]
[BlackClock "0:00:05"]

1. c4 b6 2. d4 Bb7 3. Nc3 e6 4. a3 f5 5. Nf3 Nf6 6. Bf4 Be7 7. e3 O-O 8. Be2 a6 9. h4 Ne4 10. Qc2 d6 11. h5 Nd7 12. Bd3 Ndf6 13. O-O-O Nxc3 14. Qxc3 Ne4 15. Qc2 Bf6 16. Rh3 Qe7 17. Bh2 Rad8 18. Kb1 c5 19. d5 exd5 20. cxd5 b5 21. Bf1 Qf7 22. Nh4 Bxh4 23. Rxh4 Bxd5 24. Rd3 Ba2+ 25. Kc1 Bc4 26. f3 Bxd3 27. Bxd3 Ng5 28. h6 g6 29. a4 c4 30. Bf1 Qe7 31. Rd4 Qxe3+ 32. Qd2 Qxd2+ 33. Rxd2 d5 34. Kc2 d4 35. Be5 Ne6 36. axb5 axb5 37. b3 d3+ 38. Kc3 Rd5 39. f4 Rc8 40. bxc4 bxc4 41. g3 Rb5 42. Rb2 Rxb2 43. Kxb2 Nc5 44. Kc3 Ne4+ 45. Kd4 d2 46. Be2 c3 47. Kd3 c2 0-1

[Event "December 12 Late 2023"]
[Site "https://www.chess.com"]
[Date "2023.12.12"]
[Round "7"]
[White "Kleiman, Jake"]
[Black "Ismayil, Malak"]
[Result "1-0"]
[Board "51"]
[TimeControl "180+1"]
[WhiteFideId "2020041"]
[BlackFideId "13412604"]
[WhiteElo "2630"]
[BlackElo "2521"]
[WhiteTeam "USA"]
[BlackTeam "AZE"]
[WhiteClock "0:01:04"]
[BlackClock "0:00:21"]

1. e4 e5 2. Nf3 Nc6 3. Bc4 Bc5 4. d3 Nf6 5. c3 O-O 6. Bb3 h6 7. O-O d6 8. Nbd2 Re8 9. h3 d5 10. exd5 Nxd5 11. Re1 Nf4 12. d4 Bd6 13. Ne4 Ng6 14. Nxd6 Qxd6 15. dxe5 Qxd1 16. Rxd1 Ncxe5 17. Nxe5 Nxe5 18. Bf4 Bf5 19. Rd2 c6 20. Rad1 Ng6 21. Be3 h5 22. Kf1 Re7 23. Rd8+ Rxd8 24. Rxd8+ Kh7 25. Bxa7 Nf4 26. Be3 Nd3 27. Bc2 Nxb2 28. Bxf5+ g6 29. Bd4 1-0

[Event "December 12 Late 2023"]
[Site "https://www.chess.com"]
[Date "2023.12.12"]
[Round "7"]
[White "Marin Posada, Sebastian"]
[Black "Kokoszczynski, Jan"]
[Result "1-0"]
[Board "52"]
[TimeControl "180+1"]
[WhiteFideId "4402782"]
[BlackFideId "1174460"]
[WhiteElo "2460"]
[BlackElo "2627"]
[WhiteTeam "COL"]
[BlackTeam "POL"]
[WhiteClock "0:00:12"]
[BlackClock "0:00:00"]

1. d4 Nf6 2. c4 g6 3. g3 Bg7 4. Bg2 O-O 5. e4 d6 6. Nc3 e5 7. Nge2 Nbd7 8. O-O c6 9. h3 Re8 10. Bg5 h6 11. Be3 Kh7 12. f4 Qe7 13. dxe5 dxe5 14. f5 a5 15. g4 Nc5 16. Qc2 b6 17. Rad1 Ba6 18. b3 Rad8 19. Kh2 Nfd7 20. Rd2 Bf6 21. Rfd1 Bg5 22. Bxg5 Qxg5 23. Na4 Kg7 24. Ng3 Nxa4 25. Rxd7 Nc5 26. R7d6 Rc8 27. Qc3 b5 28. Bf1 b4 29. Qf3 Qf4 30. Bg2 Qxf3 31. Bxf3 a4 32. Rb1 Red8 33. Rxd8 Rxd8 34. bxa4 Rb8 35. Bd1 Nd7 36. Bb3 Nf6 37. Rd1 Kf8 38. Rd6 Ke7 39. Rxc6 1-0

[Event "December 12 Late 2023"]
[Site "https://www.chess.com"]
[Date "2023.12.12"]
[Round "7"]
[White "Todev, Simeon"]
[Black "Boyer, Mahel"]
[Result "0-1"]
[Board "53"]
[TimeControl "180+1"]
[WhiteFideId "2925133"]
[BlackFideId "45102422"]
[WhiteElo "2363"]
[BlackElo "2617"]
[WhiteTeam "BUL"]
[BlackTeam "FRA"]
[WhiteClock "0:01:45"]
[BlackClock "0:02:31"]

1. e4 Nc6 2. Nf3 d5 3. exd5 Qxd5 4. Nc3 Qh5 5. Be2 Bg4 6. h3 O-O-O 7. O-O Bxh3 8. gxh3 Qxh3 9. Nh2 e6 10. d3 Nf6 11. Bf4 g5 12. Be3 Bd6 13. Nf3 g4 14. Nb5 gxf3 0-1

[Event "December 12 Late 2023"]
[Site "https://www.chess.com"]
[Date "2023.12.12"]
[Round "7"]
[White "Riehle, Marco"]
[Black "Rodriguez Fontecha, Marcos"]
[Result "1-0"]
[Board "54"]
[TimeControl "180+1"]
[WhiteFideId "12904392"]
[BlackFideId "2256576"]
[WhiteElo "2836"]
[BlackElo "2497"]
[WhiteTeam "GER"]
[BlackTeam "ESP"]
[WhiteClock "0:02:19"]
[BlackClock "0:00:08"]

1. e4 e6 2. c4 d5 3. cxd5 exd5 4. Qb3 c6 5. e5 Qb6 6. f4 Qxb3 7. axb3 Ne7 8. d4 Nf5 9. Nf3 h5 10. Nc3 Be7 11. Bd3 g6 12. Kf2 Be6 13. g3 Nd7 14. h3 c5 15. Nb5 O-O 16. g4 Ng7 17. Kg3 a6 18. Nc3 Rac8 19. Be3 cxd4 20. Nxd4 h4+ 21. Kf3 Nc5 22. Bc2 f5 23. Nxe6 Ncxe6 24. Nxd5 Rxc2 25. Nxe7+ Kf7 26. Nd5 Rd8 27. Rhd1 Rh2 28. Nf6 Rxh3+ 29. Kf2 fxg4 30. Rxd8 Nxd8 31. Rd1 Nge6 32. Rd7+ Kf8 33. f5 Rf3+ 34. Ke2 Rxe3+ 35. Kxe3 gxf5 36. Nh7+ Kg8 37. Nf6+ Kf8 38. Rh7 f4+ 39. Kd3 Nf7 40. Nxg4 f3 41. Rxh4 f2 42. Ke2 Nf4+ 43. Kxf2 Nd3+ 44. Ke3 Ndxe5 45. Nxe5 Nxe5 46. Rh8+ Ke7 47. Rh7+ Nf7 48. Kd4 Ke6 49. Kc5 Nd6 50. Rh6+ 1-0

[Event "December 12 Late 2023"]
[Site "https://www.chess.com"]
[Date "2023.12.12"]
[Round "7"]
[White "Leenhouts, Koen"]
[Black "Rustemov, Alexander"]
[Result "0-1"]
[Board "55"]
[TimeControl "180+1"]
[WhiteFideId "1008439"]
[BlackFideId "4119002"]
[WhiteElo "2519"]
[BlackElo "2801"]
[WhiteTeam "NED"]
[BlackTeam "RUS"]
[WhiteClock "0:00:00"]
[BlackClock "0:01:15"]

1. d4 d5 2. c4 dxc4 3. Nf3 a6 4. a4 Nc6 5. e3 e5 6. Bxc4 exd4 7. exd4 Nf6 8. O-O Be7 9. h3 O-O 10. Nc3 h6 11. Re1 Bf5 12. Bf4 Bd6 13. Ne5 Ne7 14. Qd2 Ng6 15. Nxg6 Bxg6 16. Bxh6 gxh6 17. Qxh6 Bh7 18. Rad1 Kh8 19. Re5 Bxe5 20. dxe5 Ng8 21. Qh5 Qe7 22. Nd5 Qe6 23. Qh4 Qxe5 24. Rd4 Rad8 0-1

[Event "December 12 Late 2023"]
[Site "https://www.chess.com"]
[Date "2023.12.12"]
[Round "7"]
[White "Atakhan, Abtin"]
[Black "Tikhonov, Viacheslav"]
[Result "1-0"]
[Board "56"]
[TimeControl "180+1"]
[WhiteFideId "22502203"]
[BlackFideId "44196407"]
[WhiteElo "2736"]
[BlackElo "2515"]
[WhiteTeam "IRI"]
[BlackTeam "RUS"]
[WhiteClock "0:00:47"]
[BlackClock "0:00:00"]

1. Nf3 g6 2. c4 Bg7 3. d4 Nf6 4. Nc3 d5 5. e3 O-O 6. cxd5 Nxd5 7. Bc4 Nxc3 8. bxc3 c5 9. O-O Nc6 10. a4 b6 11. Qe2 Qc7 12. Ba3 Na5 13. Bd5 Rb8 14. e4 e6 15. Ba2 Rd8 16. Rfd1 Bd7 17. Bc1 Bxa4 18. Re1 Bb3 19. Bg5 Rd7 20. e5 Bxa2 21. Rxa2 cxd4 22. cxd4 Qc4 23. Qb2 Rc8 24. Rc1 Qa6 25. Raa1 Rdc7 26. Rxc7 Rxc7 27. h4 h6 28. Bf6 Qc4 29. Kh2 Qc3 30. Qa2 Qd3 31. Qa4 Rc8 32. Qd7 Rf8 33. Qxa7 Bxf6 34. exf6 Nc4 35. Qe7 1-0